 Dungeon Crawl Stone Soup version 0.19.4 (webtiles) character file.

89 Naow the Grave Robber (level 4, -3/24 HPs)
             Began as a Deep Elf Necromancer on Feb 3, 2017.
             Slain by a sky beast (6 damage)
             ... on level 6 of the Dungeon.
             The game lasted 00:06:00 (3094 turns).

Naow the Grave Robber (Deep Elf Necromancer)        Turns: 3094, Time: 00:06:01

Health: -3/24      AC:  4    Str:  5    XL:     4   Next: 31%
Magic:  7/12       EV: 13    Int: 21    God:
Gold:   166        SH:  0    Dex: 15    Spells: 4 memorised, 4 levels left

rFire  x . .     SeeInvis .     d - +0 short sword (curse)
rCold  + . .     Gourm    .     a - +0 robe
rNeg   . . .     Faith    .     (no shield)
rPois  .         Spirit   .     (no helmet)
rElec  .         Reflect  .     i - +0 cloak
rCorr  .         Harm     .     (no gloves)
MR     .....                    s - +0 pair of boots
Stlth  ++........               (no amulet)
                                r - ring of wizardry
                                q - ring of ice

@: no status effects
A: no striking features
a: no special abilities


You were on level 6 of the Dungeon.
You were not hungry.

You visited 1 branch of the dungeon, and saw 4 of its levels.

You collected 166 gold pieces.

Inventory:

Hand Weapons
 d - a cursed +0 short sword (weapon)
Armour
 a - a +0 robe (worn)
 i - a +0 cloak (worn)
 s - a +0 pair of boots (worn)
Jewellery
 q - a ring of ice (left hand)
 r - a ring of wizardry (right hand)
Scrolls
 e - 2 scrolls of identify {unknown}
 f - a scroll of enchant armour {unknown}
 g - 2 scrolls of teleportation {unknown}
 h - 2 scrolls of fog {unknown}
 k - a scroll of blinking {unknown}
 m - 3 scrolls of remove curse {unknown}
 n - a scroll of immolation {unknown}
Books
 b - a book of Necromancy

   Spells                             Type                      Level
   a - Pain                           Necromancy                   1
   b - Animate Skeleton               Necromancy                   1
   c - Vampiric Draining              Necromancy                   3
   d - Regeneration                   Charms/Necromancy            3
   e - Animate Dead                   Necromancy                   4
   f - Control Undead                 Necromancy                   4
Comestibles
 c - 4 bread rations
 j - a beef jerky
 l - 5 chunks of flesh
 o - a slice of pizza
 p - a fruit


   Skills:
 - Level 2.4 Dodging
 - Level 2.4 Stealth
 + Level 4.5 Spellcasting
 * Level 6.2 Necromancy


You had 4 spell levels left.
You knew the following spells:

 Your Spells              Type           Power        Failure   Level  Hunger
a - Pain                  Necr           ####         1%          1    None
b - Animate Skeleton      Necr           N/A          1%          1    None
c - Vampiric Draining     Necr           ####......   1%          3    ##.....
d - Regeneration          Chrm/Necr      ###.......   4%          3    ##.....


Dungeon Overview and Level Annotations

Branches:
Dungeon (3/15)

Altars:

Annotations:
D:6 Eustachio


Message History

Aim: a leopard gecko (chance to defeat MR: 93%)
The leopard gecko writhes in agony!
The ooze quivers.
Casting: Pain
Confirm with . or Enter, or press ? or * to list all spells.
Aiming: Pain
Press: ? - help, Shift-Dir - straight line, f/p - leopard gecko
Aim: a leopard gecko (severely wounded, chance to defeat MR: 93%)
The leopard gecko writhes in agony!
You kill the leopard gecko!
The phantom blinks!
Something barely misses you.
Casting: Pain
Confirm with . or Enter, or press ? or * to list all spells.
Aiming: Pain
Press: ? - help, Shift-Dir - straight line Nothing appears to happen.
Something hits you.
* * * LOW HITPOINT WARNING * * *
Something shocks you.
You die...

.# #...............
.#
#..##..............
.#
#..##.##...........
.#
#............>.....
.#
#...#.#.....#.....#
.#
#...#.#..####......
.#
#........###.J....#
.#
#.#<#.#.##...†....#
.#
#.#.#.#.##.@{.....#
.#
#.......)...#.#...#
.#
###.#..###........#
.#
#.#..###.#.##....
.# #.#..#>..#.%.
..# .#
#.#...)#####.....
.# ##W#...# .#.##
.# #.###.# # # .#
#.# <.


You could see an ooze.

Vanquished Creatures
  2 adders (D:2)
  A worm (D:2)
  2 dart slugs
  3 leopard geckos
  3 orcs
  A ball python (D:1)
  2 giant cockroaches
  9 goblins
  7 hobgoblins
  A quokka (D:6)
  8 bats
  A frilled lizard (D:2)
  8 kobolds
  5 rats
53 creatures vanquished.

Vanquished Creatures (collateral kills)
  A goblin (D:1)
  A bat (D:1)
  A rat (D:2)
3 creatures vanquished.

Grand Total: 56 creatures vanquished

Notes
Turn   | Place    | Note
-------+----------+-------------------------------------------
     0 | D:1      | Naow the Deep Elf Necromancer began the quest for the Orb.
     0 | D:1      | Reached XP level 1. HP: 10/10 MP: 6/6
   292 | D:1      | Reached skill level 5 in Necromancy
   308 | D:1      | Reached XP level 2. HP: 7/15 MP: 0/8
   482 | D:1      | Learned a level 1 spell: Animate Skeleton
  1273 | D:1      | Reached XP level 3. HP: 19/19 MP: 8/10
  2045 | D:2      | Reached skill level 6 in Necromancy
  2253 | D:2      | Reached XP level 4. HP: 22/24 MP: 8/12
  2266 | D:2      | Learned a level 3 spell: Vampiric Draining
  2270 | D:2      | Learned a level 3 spell: Regeneration
  2875 | D:3      | You fall through a shaft for 3 floors!
  2930 | D:6      | Noticed Eustachio
  3002 | D:6      | Noticed a phantom
  3087 | D:6      | Noticed a sky beast
  3094 | D:6      | Slain by a sky beast

Skill      XL: |  1  2  3 |
---------------+----------+-----
Necromancy     | 5 6 |  6.2
Spellcasting   | 4 |  4.5
Dodging        | |  2.4
Stealth        | |  2.4

Action                   |  1- 3 |  4- 6 || total
-------------------------+-------+-------++-------
Melee: Unarmed           |     6 |       ||     6
       Short sword       |     1 |     9 ||    10
 Cast: Pain              |    61 |    20 ||    81
       Animate Skeleton  |    13 |     5 ||    18
  Eat: Chunk             |     4 |     2 ||     6
Armor: Robe              |     9 |     3 ||    12
Dodge: Dodged            |    20 |    14 ||    34
